3L
OAKLAND OAKS @ KINGSTON TOWNSHIP KNIGHTS
08/18/2034
 
TOP OF THE 1ST
Oakland Oaks batting - Pitching for Kingston Township Knights : RHP Rikkarti Gudmundur
Pitching: RHP Rikkarti Gudmundur
Batting: RHB Yehonatan Chazan 0-0: Called Strike
0-1: Ball
1-1: Ball
2-1: Foul Ball, location: 2F
2-2: Ball
3-2: Ground out 4-3 (Groundball, 4)
Batting: RHB Alfonso Nazario 0-0: Called Strike
0-1: Ground out 5-3 (Groundball, 56)
Batting: RHB Colin O'Connell 0-0: Ball
1-0: Called Strike
1-1: Ground out 5-3 (Groundball, 56)
Top of the 1st over - 0 runs, 0 hits, 0 errors, 0 left on base; Oakland 0 - Kingston Township 0
BOTTOM OF THE 1ST
Kingston Township Knights batting - Pitching for Oakland Oaks : LHP Faisal bin Nabeel
Pitching: LHP Faisal bin Nabeel
Batting: RHB Gerald Mills 0-0: Swinging Strike
0-1: Bunted foul
0-2: Ball
1-2: Foul Ball, location: 2F
1-2: SINGLE (Groundball, 56) (infield hit)
Batting: RHB Júlio Rodríguez 0-0: Swinging Strike
0-1: Fly out, F9 (Flyball, 9LS)
Batting: RHB Ron Bernard 0-0: Ball
1-0: Foul Ball, location: 2F
1-1: Fly out, F8 (Flyball, 8RM)
Batting: RHB EP Weston 0-0: Ball
1-0: Foul Ball, location: 2F
1-1: Ball
2-1: Swinging Strike
2-2: Ball
Gerald Mills is caught stealing 2nd base
Bottom of the 1st over - 0 runs, 1 hit, 0 errors, 0 left on base; Oakland 0 - Kingston Township 0
TOP OF THE 2ND
Oakland Oaks batting - Pitching for Kingston Township Knights : RHP Rikkarti Gudmundur
Batting: SHB Luis Luquín 0-0: Ball
1-0: Ball
2-0: Ball
3-0: Called Strike
3-1: SINGLE (Line Drive, 7S)
Batting: RHB Mike Wazowski 0-0: Ball
1-0: Called Strike
1-1: Grounds into double play, 4-6-3 (Groundball, 4)
Batting: RHB Esteban Vázquez 0-0: Called Strike
0-1: Called Strike
0-2: Ball
1-2: Ball
2-2: Foul Ball, location: 2F
2-2: Foul Ball, location: 2F
2-2: Ball
3-2: Fly out, F8 (Flyball, 8RM)
Top of the 2nd over - 0 runs, 1 hit, 0 errors, 0 left on base; Oakland 0 - Kingston Township 0
BOTTOM OF THE 2ND
Kingston Township Knights batting - Pitching for Oakland Oaks : LHP Faisal bin Nabeel
Batting: RHB EP Weston 0-0: Called Strike
0-1: Ball
1-1: Ball
2-1: Foul Ball, location: 2F
2-2: Foul Ball, location: 2F
2-2: Strikes out swinging
Batting: RHB Gustavo Mateo 0-0: Called Strike
0-1: SINGLE (Groundball, 6MD)
Batting: LHB Gustavo Cortéz 0-0: Ball
1-0: SINGLE (Flyball, 89M)
Gustavo Mateo to second
Batting: LHB António González 0-0: Ball
1-0: Called Strike
1-1: Swinging Strike
1-2: Fly out, F9 (Flyball, 89D)
Runner from 2nd tags up, SAFE at 3rd, no throw
Batting: RHB Alejandro Serrato 0-0: Called Strike
0-1: Fly out, F4 (Line Drive, 4MS)
Bottom of the 2nd over - 0 runs, 2 hits, 0 errors, 2 left on base; Oakland 0 - Kingston Township 0
TOP OF THE 3RD
Oakland Oaks batting - Pitching for Kingston Township Knights : RHP Rikkarti Gudmundur
Batting: RHB Raúl Chávez 0-0: Called Strike
0-1: Swinging Strike
0-2: Fly out, F8 (Flyball, 8LS)
Batting: RHB Cristián Coronado 0-0: Called Strike
0-1: Swinging Strike
0-2: Ball
1-2: Ball
2-2: Ball
3-2: Foul Ball, location: 2F
3-2: SINGLE (Groundball, 56D)
Batting: RHB Randy Contreras 0-0: Swinging Strike
0-1: Foul Ball, location: 2F
0-2: Reached on error, E5 (Groundball, 56)
Cristián Coronado to second
Batting: RHB Yehonatan Chazan 0-0: Called Strike
0-1: Called Strike
0-2: Fly out, F8 (Flyball, 8LM)
Batting: RHB Alfonso Nazario 0-0: Ball
1-0: Ball
2-0: Ball
3-0: Base on Balls
Cristián Coronado to third
Randy Contreras to second
Batting: RHB Colin O'Connell 0-0: Ball
1-0: Foul Ball, location: 2F
1-1: SINGLE (Flyball, 9S)
Cristián Coronado scores
Randy Contreras to third
Alfonso Nazario to second
Runner from 3rd tries for Home, SAFE, no throw
Batting: SHB Luis Luquín 0-0: SINGLE (Groundball, 56D)
Alfonso Nazario to third
Colin O'Connell to second
Runner from 3rd tries for Home, SAFE, throw made home
Batting: RHB Mike Wazowski 0-0: Foul Ball, location: 2F
0-1: Ball
1-1: Ball
2-1: Foul Ball, location: 2F
2-2: Foul Ball, location: 2F
2-2: Strikes out looking
Top of the 3rd over - 3 runs, 3 hits, 1 error, 2 left on base; Oakland 3 - Kingston Township 0
BOTTOM OF THE 3RD
Kingston Township Knights batting - Pitching for Oakland Oaks : LHP Faisal bin Nabeel
Batting: LHB Ruben Yim 0-0: Ball
1-0: Ground out 6-3 (Groundball, 6M)
Batting: RHB Gerald Mills 0-0: Called Strike
0-1: Ball
1-1: Ball
2-1: Fly out, F9 (Flyball, 9LM)
Batting: RHB Júlio Rodríguez 0-0: Ground out 3-1 (Groundball, 34)
Bottom of the 3rd over - 0 runs, 0 hits, 0 errors, 0 left on base; Oakland 3 - Kingston Township 0
TOP OF THE 4TH
Oakland Oaks batting - Pitching for Kingston Township Knights : RHP Rikkarti Gudmundur
Batting: RHB Esteban Vázquez 0-0: Called Strike
0-1: Ball
1-1: Ball
2-1: Foul Ball, location: 2F
2-2: Foul Ball, location: 2F
2-2: Foul Ball, location: 2F
2-2: Ball
3-2: Foul Ball, location: 2F
3-2: Foul Ball, location: 2F
3-2: Strikes out swinging
Batting: RHB Raúl Chávez 0-0: Ball
1-0: Foul Ball, location: 2F
1-1: Called Strike
1-2: Foul Ball, location: 2F
1-2: Ground out 6-3 (Groundball, 6)
Batting: RHB Cristián Coronado 0-0: Ball
1-0: Ball
2-0: Fly out, F7 (Flyball, 78XD)
Top of the 4th over - 0 runs, 0 hits, 0 errors, 0 left on base; Oakland 3 - Kingston Township 0
BOTTOM OF THE 4TH
Kingston Township Knights batting - Pitching for Oakland Oaks : LHP Faisal bin Nabeel
Batting: RHB Ron Bernard 0-0: Ball
1-0: Foul Ball, location: 2F
1-1: Ball
2-1: Foul Ball, location: 2F
2-2: Ball
3-2: Foul Ball, location: 2F
3-2: Foul Ball, location: 2F
3-2: Base on Balls
Batting: RHB EP Weston 0-0: Ball
1-0: Grounds into double play, 6-4-3 (Groundball, 6)
Batting: RHB Gustavo Mateo 0-0: Ball
1-0: Called Strike
1-1: Called Strike
1-2: Ground out 5-3 (Groundball, 56)
Bottom of the 4th over - 0 runs, 0 hits, 0 errors, 0 left on base; Oakland 3 - Kingston Township 0
TOP OF THE 5TH
Oakland Oaks batting - Pitching for Kingston Township Knights : RHP Rikkarti Gudmundur
Batting: RHB Randy Contreras 0-0: Foul Ball, location: 2F
0-1: Foul Ball, location: 2F
0-2: SINGLE (Groundball, 6) (infield hit)
Batting: RHB Yehonatan Chazan 0-0: Foul Ball, location: 2F
0-1: Foul Ball, location: 2F
0-2: Strikes out swinging
Batting: RHB Alfonso Nazario 0-0: Ball
1-0: Called Strike
1-1: Called Strike
1-2: Strikes out swinging
Randy Contreras is caught stealing 2nd base
Batter strikes out.
Top of the 5th over - 0 runs, 1 hit, 0 errors, 0 left on base; Oakland 3 - Kingston Township 0
BOTTOM OF THE 5TH
Kingston Township Knights batting - Pitching for Oakland Oaks : LHP Faisal bin Nabeel
Batting: LHB Gustavo Cortéz 0-0: Called Strike
0-1: Foul Ball, location: 2F
0-2: SINGLE (Groundball, 34D)
Batting: LHB António González 0-0: Ball
1-0: Bunt missed!
1-1: Sac Bunt - play at first, batter OUT! 2-4
Gustavo Cortéz to second
Batting: RHB Alejandro Serrato 0-0: Called Strike
0-1: Ball
1-1: Ball
2-1: Fly out, F9 (Flyball, 9)
Batting: LHB Ruben Yim 0-0: Called Strike
0-1: Called Strike
0-2: Foul Ball, location: 2F
0-2: Ball
1-2: Ground out 4-3 (Groundball, 4M)
Bottom of the 5th over - 0 runs, 1 hit, 0 errors, 1 left on base; Oakland 3 - Kingston Township 0
TOP OF THE 6TH
Oakland Oaks batting - Pitching for Kingston Township Knights : RHP Rikkarti Gudmundur
Batting: RHB Colin O'Connell 0-0: Called Strike
0-1: DOUBLE (Flyball, 8RXD)
Batting: SHB Luis Luquín 0-0: Foul Ball, location: 2F
0-1: Ground out 6-3 (Groundball, 6)
Batting: RHB Mike Wazowski 0-0: Ball
1-0: Ball
2-0: Swinging Strike
2-1: Foul Ball, location: 2F
2-2: Fly out, F8 (Flyball, 8LD)
Runner from 2nd tags up, SAFE at 3rd with throw
Batting: RHB Esteban Vázquez 0-0: Ball
1-0: SINGLE (Line Drive, 34D)
Colin O'Connell scores
Batting: RHB Raúl Chávez 0-0: Ball
1-0: SINGLE (Flyball, 89S)
Esteban Vázquez to second
Runner from 2nd tries for 3rd, SAFE, no throw
Batting: RHB Cristián Coronado 0-0: Ball
1-0: Ball
2-0: Fly out, F7 (Flyball, 78D)
Top of the 6th over - 1 run, 3 hits, 0 errors, 2 left on base; Oakland 4 - Kingston Township 0
BOTTOM OF THE 6TH
Kingston Township Knights batting - Pitching for Oakland Oaks : LHP Faisal bin Nabeel
Batting: RHB Gerald Mills 0-0: Ground out 5-3 (Groundball, 56S)
Batting: RHB Júlio Rodríguez 0-0: Called Strike
0-1: Ball
1-1: Ball
2-1: Fly out, F4 (Popup, 4D)
Batting: RHB Ron Bernard 0-0: Ball
1-0: Foul Ball, location: 2F
1-1: SINGLE (Line Drive, 7LS)
Batting: RHB EP Weston 0-0: Called Strike
0-1: Called Strike
0-2: Ball
1-2: Ball
2-2: Ball
3-2: Base on Balls
Ron Bernard to second
Batting: RHB Gustavo Mateo 0-0: Called Strike
0-1: Called Strike
0-2: Ball
1-2: Fielders Choice at 2nd, 6-4 (Groundball, 6)
Bottom of the 6th over - 0 runs, 1 hit, 0 errors, 2 left on base; Oakland 4 - Kingston Township 0
TOP OF THE 7TH
Oakland Oaks batting - Pitching for Kingston Township Knights : RHP Rikkarti Gudmundur
Pitching: RHP Kgosi Gowon
Batting: RHB Randy Contreras 0-0: Ball
1-0: Ball
2-0: Ball
3-0: Called Strike
3-1: Foul Ball, location: 2F
3-2: Reached on error, E5 (Groundball, 5)
Batting: RHB Yehonatan Chazan 0-0: Hit by Pitch
Randy Contreras to second
Batting: RHB Alfonso Nazario 0-0: Swinging Strike
0-1: Called Strike
0-2: Ground out 5-3 (Groundball, 56S)
Randy Contreras to third
Yehonatan Chazan to second
Batting: RHB Colin O'Connell 0-0: Ball
1-0: Ground out 5-3 (Groundball, 56)
Batting: SHB Luis Luquín 0-0: Foul Ball, location: 2F
0-1: Ground out 5-3 (Groundball, 56)
Top of the 7th over - 0 runs, 0 hits, 1 error, 2 left on base; Oakland 4 - Kingston Township 0
BOTTOM OF THE 7TH
Kingston Township Knights batting - Pitching for Oakland Oaks : LHP Faisal bin Nabeel
Batting: LHB Gustavo Cortéz 0-0: Called Strike
0-1: Fly out, F7 (Flyball, 7S)
Batting: LHB António González 0-0: Ball
1-0: Foul Ball, location: 2F
1-1: Swinging Strike
1-2: Reached on error, E9 (Flyball, 9D)
Batting: RHB Alejandro Serrato 0-0: Foul Ball, location: 2F
0-1: Ball
1-1: Ball
António González steals 3rd base
2-1: Ball
3-1: Foul Ball, location: 2F
3-2: Foul Ball, location: 2F
3-2: Strikes out looking
Pitching: RHP Dave Stephenson
Batting: LHB Ruben Yim 0-0: Called Strike
0-1: Ground out 4-3 (Groundball, 4)
Bottom of the 7th over - 0 runs, 0 hits, 1 error, 1 left on base; Oakland 4 - Kingston Township 0
TOP OF THE 8TH
Oakland Oaks batting - Pitching for Kingston Township Knights : RHP Kgosi Gowon
Batting: RHB Mike Wazowski 0-0: Foul Ball, location: 2F
0-1: Ball
1-1: Swinging Strike
1-2: Foul Ball, location: 2F
1-2: Fly out, F7 (Flyball, 78S)
Batting: RHB Esteban Vázquez 0-0: Called Strike
0-1: Swinging Strike
0-2: Ball
1-2: Strikes out swinging
Batting: RHB Raúl Chávez 0-0: Called Strike
0-1: Swinging Strike
0-2: Strikes out swinging
Top of the 8th over - 0 runs, 0 hits, 0 errors, 0 left on base; Oakland 4 - Kingston Township 0
BOTTOM OF THE 8TH
Kingston Township Knights batting - Pitching for Oakland Oaks : RHP Dave Stephenson
Batting: RHB Gerald Mills 0-0: Ball
1-0: Ball
2-0: Called Strike
2-1: Ball
3-1: Called Strike
3-2: Base on Balls
Batting: RHB Júlio Rodríguez 0-0: Called Strike
0-1: Fly out, F9 (Flyball, 9)
Batting: RHB Ron Bernard 0-0: Called Strike
0-1: Foul Ball, location: 2F
0-2: Ball
1-2: Fly out, F8 (Flyball, 8RXD)
Batting: RHB EP Weston 0-0: Foul Ball, location: 2F
0-1: Swinging Strike
0-2: Ball
1-2: Foul Ball, location: 2F
1-2: Strikes out swinging
Bottom of the 8th over - 0 runs, 0 hits, 0 errors, 1 left on base; Oakland 4 - Kingston Township 0
TOP OF THE 9TH
Oakland Oaks batting - Pitching for Kingston Township Knights : RHP Kgosi Gowon
Batting: RHB Cristián Coronado 0-0: Called Strike
0-1: Fly out, F9 (Flyball, 89XD)
Pitching: RHP Manny Castro
Batting: RHB Randy Contreras 0-0: Fly out, F8 (Line Drive, 8LM)
Batting: RHB Yehonatan Chazan 0-0: Called Strike
0-1: Ball
1-1: Ball
2-1: Ball
3-1: Base on Balls
Batting: RHB Alfonso Nazario 0-0: Ball
Yehonatan Chazan is caught stealing 2nd base
Top of the 9th over - 0 runs, 0 hits, 0 errors, 0 left on base; Oakland 4 - Kingston Township 0
BOTTOM OF THE 9TH
Kingston Township Knights batting - Pitching for Oakland Oaks : RHP Dave Stephenson
Batting: RHB Gustavo Mateo 0-0: Ball
1-0: SINGLE (Line Drive, 7S)
Batting: LHB Gustavo Cortéz 0-0: Ball
1-0: Ball
2-0: Called Strike
2-1: Foul Ball, location: 2F
2-2: Ball
3-2: Base on Balls
Gustavo Mateo to second
Pitching: RHP Júlio Rodríguez
Batting: LHB António González 0-0: Foul Ball, location: 2F
0-1: Swinging Strike
0-2: Strikes out swinging
Batting: RHB Alejandro Serrato 0-0: Foul Ball, location: 2F
0-1: Called Strike
0-2: Strikes out looking
Batting: LHB Ruben Yim 0-0: Foul Ball, location: 2F
0-1: Ball
1-1: Foul Ball, location: 2F
1-2: Fielders Choice at 2nd, 6-4 (Groundball, 6)
Bottom of the 9th over - 0 runs, 1 hit, 0 errors, 2 left on base; Oakland 4 - Kingston Township 0
Friday, March 29th, 2019 - OOTP Baseball 18.8 Build 76